[Event "Early-Titled-Tuesday-Blitz-June-18-2024"]
[Site "Chess.com"]
[Date "2024.06.18"]
[Round "8"]
[White "KarlEmilElmer"]
[Black "Resourchess"]
[Result "0-1"]
[WhiteElo "2186"]
[BlackElo "2374"]
[TimeControl "180+1"]
[EndTime "9:30:06 PDT"]
[Termination "Resourchess won on time"]

1. d4 d6 2. Nf3 g6 3. e4 Bg7 4. Bd3 Nf6 5. c3 O-O 6. Be3 Bg4 7. Nbd2 Nbd7 8. h3 Bxf3 9. Nxf3 c5 10. O-O a6 11. a4 Rc8 12. Qb3 Qc7 13. dxc5 Nxc5 14. Bxc5 dxc5 15. e5 Nh5 16. Be4 b6 17. a5 b5 18. Qd5 Nf4 19. Qb7 Bxe5 20. Qxa6 b4 21. Qb7 bxc3 22. bxc3 Ne2+ 23. Kh1 Nxc3 24.
Qxc7 Rxc7 25. Nxe5 Nxe4 26. a6 Ra7 27. Nc6 Rc7 28.
a7 Ra8 29. Rfb1 Rxc6 30. Rb8+ Rc8 31. Rxc8+ Rxc8 32. a8=Q Rxa8 33. Rxa8+ Kg7 34. Rc8 Nxf2+ 35.
Kg1 Ne4 36. Kf1 f5 37. Ke2 h5 38. Kf3 Kf6 39. g4 hxg4+ 40. hxg4 Ng5+ 41. Kf4 e5+ 42.
Ke3 f4+ 43. Kf2 Ke6 44. Ke2 Ne4 0-1

[Event "Early-Titled-Tuesday-Blitz-June-18-2024"]
[Site "Chess.com"]
[Date "2024.06.18"]
[Round "8"]
[White "Shield12"]
[Black "SirStrateg"]
[Result "1-0"]
[WhiteElo "2894"]
[BlackElo "2704"]
[TimeControl "180+1"]
[EndTime "9:30:07 PDT"]
[Termination "Shield12 won on time"]

1. d4 d6 2. c4 e5 3. Nc3 Nf6 4. Nf3 Nbd7 5. Bg5 Be7 6. e3 h6 7. Bh4 Nh7 8. Bg3 Ng5 9. Nd2 c6 10. Bd3 Ne6 11. Nf3 Qa5 12. a3 Ng5 13. Nd2 O-O 14.
b4 Qd8 15. h4 exd4 16. hxg5 dxc3 17. Ne4 Bxg5 18. Nxd6 Bf6 19. Qc2 Ne5 20. c5 Nxd3+ 21. Qxd3 b6 22. O-O a5 23. Rfd1 axb4 24. axb4 Rxa1 25. Rxa1 bxc5 26. bxc5 Be6 27. e4 c2 28.
e5 Be7 29. Qxc2 Bd5 30. Ra7 Bg5 31. Qf5 Qb8 32. Rb7 Qa8 33. Kh2 Qa3 34. Bf4 Bxf4+ 35. Qxf4 Qxc5 36. Nf5 Qc2 37. Qg4 g6 38. Ne7+ Kg7 39.
Qf4 Qe4 40. Qf6+ Kh7 41. f3 Qe2 42. Nxd5 cxd5 43. e6 Kg8 44. Rxf7 1-0

[Event "Early-Titled-Tuesday-Blitz-June-18-2024"]
[Site "Chess.com"]
[Date "2024.06.18"]
[Round "8"]
[White "Herzog2012"]
[Black "c63_amg"]
[Result "0-1"]
[WhiteElo "2631"]
[BlackElo "2814"]
[TimeControl "180+1"]
[EndTime "9:30:07 PDT"]
[Termination "c63_amg won on time"]

1. e4 c5 2. Nf3 d6 3. d4 cxd4 4. Nxd4 Nf6 5. Nc3 a6 6. Bg5 Nbd7 7. Bc4 b5 8. Bd5 Nxd5 9. exd5 Bb7 10. O-O h6 11.
Bh4 g5 12. Bg3 Nf6 13. Nf5 Qd7 14. Qd3 Bc8 15. Ne3 Bg7 16. h4 O-O 17. hxg5 hxg5 18. f4 Nh5 19. Bh2 g4 20. Ne4 f5 21.
Ng3 Nxg3 22. Bxg3 Bb7 23. c3 Rac8 24. Rfe1 b4 25. c4 Bxb2 26. Rad1 a5 27. Bh4 Rf7 28. Re2 Bg7 29. Nf1 Ba6 30. Rc1 Qa7+ 31. Kh2 Qd4 32. Qxd4 Bxd4 33. Rxe7 Rxe7 34. Bxe7 Rxc4 35. Rxc4 Bxc4 36.
Ng3 Bxa2 37. Nxf5 Bc5 0-1

[Event "Early-Titled-Tuesday-Blitz-June-18-2024"]
[Site "Chess.com"]
[Date "2024.06.18"]
[Round "8"]
[White "Iuckyducky"]
[Black "DeArron_Fox"]
[Result "0-1"]
[WhiteElo "2301"]
[BlackElo "2475"]
[TimeControl "180+1"]
[EndTime "9:30:07 PDT"]
[Termination "DeArron_Fox won by resignation"]

1. e4 c5 2. Nf3 e6 3. d3 d5 4. Nbd2 Nc6 5. g3 Nf6 6. Bg2 Be7 7. O-O O-O 8. Re1 Qc7 9. Nf1 dxe4 10. dxe4 Rd8 11. Qe2 b6 12. e5 Nd5 13. a3 Nd4 14. Nxd4 cxd4 15. Be4 g6 16. h4 Qxe5 17. Nh2 f5 18. Bg2 Qxe2 19. Rxe2 Bf6 20. Nf3 Re8 21. Ne5 Bb7 22. Nd7 Bg7 23. Bg5 e5 24. Bxd5+ Bxd5 25. Nf6+ Bxf6 26. Bxf6 Be4 27. Rae1 Kf7 28. Bxe5 Rxe5 29.
f3 Rae8 30. Kf2 Kf6 31. fxe4 Rxe4 32. Rd1 Rxe2+ 0-1

[Event "Early-Titled-Tuesday-Blitz-June-18-2024"]
[Site "Chess.com"]
[Date "2024.06.18"]
[Round "8"]
[White "DanyKopy"]
[Black "LoonsDeKoeben"]
[Result "1/2-1/2"]
[WhiteElo "2564"]
[BlackElo "2400"]
[TimeControl "180+1"]
[EndTime "9:30:09 PDT"]
[Termination "Game drawn by repetition"]

1. Nf3 Nf6 2. c4 b6 3. g3 Bb7 4. Bg2 e6 5. O-O Be7 6. Nc3 O-O 7. b3 Ne4 8. Bb2 Nxc3 9. Bxc3 Bf6 10. Qc2 Bxc3 11. Qxc3 d6 12. Qc2 Nc6 13. d4 Qf6 14. Rad1 Nb4 15. Qb1 Qg6 16. a3 Qxb1 17. Rxb1 Na6 18.
b4 Be4 19. Rbc1 Rac8 20. c5 dxc5 21. dxc5 bxc5 22. bxc5 c6 23. Rfd1 Rfd8 24. Rd6 Kf8 25. Ne5 Bxg2 26. Kxg2 Rxd6 27. cxd6 c5 28. Rd1 Rd8 29.
d7 Nb8 30. Rb1 Ke7 31. Rxb8 Rxb8 32. Nc6+ Kxd7 33. Nxb8+ Kc7 34. Na6+ Kb6 35. Nb8 Kc7 36. Na6+ Kb6 37. Nb8 Kc7 1/2-1/2

[Event "Early-Titled-Tuesday-Blitz-June-18-2024"]
[Site "Chess.com"]
[Date "2024.06.18"]
[Round "8"]
[White "AmbartsumianTyhran2012"]
[Black "JJDAREK"]
[Result "0-1"]
[WhiteElo "2492"]
[BlackElo "2340"]
[TimeControl "180+1"]
[EndTime "9:30:09 PDT"]
[Termination "JJDAREK won by resignation"]

1. e4 d6 2. d4 g6 3. Nc3 a6 4. Nf3 b5 5. Bd3 Bg7 6. O-O Bb7 7. Re1 Nd7 8. e5 dxe5 9. dxe5 Bxf3 10. Qxf3 Nxe5 11. Rxe5 Bxe5 12. Bg5 Bf6 13. Bf4 Bxc3 14. Qc6+ Kf8 15. Qxc3 Nf6 16. Re1 Kg7 17. h4 Re8 18. h5 Qd7 19. Bg5 h6 20. Rxe7 Qxe7 21. Bf4 Qe1+ 22.
Qxe1 Rxe1+ 23. Kh2 Nxh5 24. Bd2 Re7 25. Bb4 Rae8 26. a4 c6 27. axb5 axb5 28. c4 bxc4 29. Bxc4 Nf4 30. g3 Nd5 31. Bc5 Re2 32. Kg2 Rd2 33.
Ba6 Ree2 34. Bb7 Rxb2 35. Bxc6 Nf6 36. Bf3 Rec2 37. Bd4 Rd2 38. Bc3 Rbc2 39. Be5 Rxf2+ 0-1

[Event "Early-Titled-Tuesday-Blitz-June-18-2024"]
[Site "Chess.com"]
[Date "2024.06.18"]
[Round "8"]
[White "kingnb"]
[Black "alexrustemov"]
[Result "1/2-1/2"]
[WhiteElo "2701"]
[BlackElo "2859"]
[TimeControl "180+1"]
[EndTime "9:30:12 PDT"]
[Termination "Game drawn by repetition"]

1. e4 e6 2. d4 d5 3. e5 c5 4. c3 Qb6 5. Nf3 Bd7 6. Be2 cxd4 7.
cxd4 Bb5 8. O-O Bxe2 9. Qxe2 Qa6 10. Qc2 Nc6 11. Nc3 Bb4 12. Be3 Bxc3 13. Qxc3 Nge7 14.
g4 Rc8 15. Qd2 h5 16. h3 hxg4 17. hxg4 Qa5 18. Qe2 Qa6 19. Qxa6 bxa6 20. Rfc1 Kd7 21. Kg2 f6 22. Rc3 Ng6 23. Ra3 a5 24. Rc1 Rb8 25. b3 Rb5 26. exf6 gxf6 27. Ne1 e5 28. Ra4 Rb4 29.
Rxb4 axb4 30. dxe5 fxe5 31. Nd3 d4 32. Bd2 a5 33. f3 Kd6 34. Nc5 Nge7 35. Ne4+ Ke6 36. Rc5 a4 37. bxa4 Ra8 38. Rb5 Nd5 39. Ng5+ Kd6 40.
Ne4+ Ke6 41. Ng5+ Kd6 42. Ne4+ Ke6 1/2-1/2

[Event "Early-Titled-Tuesday-Blitz-June-18-2024"]
[Site "Chess.com"]
[Date "2024.06.18"]
[Round "8"]
[White "JAN2404"]
[Black "unkiyto"]
[Result "0-1"]
[WhiteElo "2060"]
[BlackElo "2675"]
[TimeControl "180+1"]
[EndTime "9:30:12 PDT"]
[Termination "unkiyto won by checkmate"]

1. e4 c5 2. d4 cxd4 3. c3 dxc3 4. Nxc3 Nc6 5. Nf3 a6 6. Bc4 d6 7. O-O Nf6 8. e5 dxe5 9. Nxe5 Nxe5 10. Qa4+ Bd7 11.
Qb3 Nxc4 12. Qxc4 e6 13. Rd1 Be7 14. Bf4 O-O 15. Bc7 Qc8 16. Qf4 Bc6 17. Rac1 b5 18.
Ne2 Qb7 19. Nd4 Bxg2 20. Rd3 Nd5 21. Qg3 Be4 22. Be5 Bg6 23. Rf3 Rac8 24. Re1 Nb4 25. h4 h5 26. Nxe6 fxe6 27. Qxg6 Bxh4 28. Ree3 Bxf2+ 29.
Rxf2 Rc1+ 30. Kh2 Rxf2+ 31. Kh3 Rh1+ 32. Kg3 Qg2# 0-1

[Event "Early-Titled-Tuesday-Blitz-June-18-2024"]
[Site "Chess.com"]
[Date "2024.06.18"]
[Round "8"]
[White "VerdeNotte"]
[Black "HamedWafa4"]
[Result "1-0"]
[WhiteElo "2860"]
[BlackElo "2690"]
[TimeControl "180+1"]
[EndTime "9:30:13 PDT"]
[Termination "VerdeNotte won by resignation"]

1. Nf3 Nf6 2. g3 g6 3. Bg2 Bg7 4. b3 O-O 5. Bb2 d6 6. d4 Nc6 7.
O-O e5 8. dxe5 Ng4 9. Qd2 Ngxe5 10.
c4 Nxf3+ 11. Bxf3 Bh3 12. Rd1 Re8 13. Bxg7 Kxg7 14. Nc3 Ne5 15. Bxb7 Rb8 16. Bh1 h5 17. Qd4 Kg8 18. Qxa7 h4 19. Qd4 hxg3 20. hxg3 Bf5 21. Nd5 Ng4 22. Bf3 Ne5 23. Bg2 Ng4 24. Rd2 c5 25. Qf4 Re5 26. Rad1 Qe8 27. Bf3 Kg7 28. Bxg4 Re4 29. Qf3 Rxg4 30. Qc3+ Qe5 31. Qxe5+ dxe5 32. Ne3 Rg5 33. Nxf5+ gxf5 34. Rd5 e4 35. Rxc5 Rh8 36. e3 Kg6 37. Rd6+ Kh5 38. Kf1 Kg4 39.
Ke2 Kh3 40. Rf6 Rhh5 41. a4 Kg2 42. Rd5 Kg1 43. a5 1-0

[Event "Early-Titled-Tuesday-Blitz-June-18-2024"]
[Site "Chess.com"]
[Date "2024.06.18"]
[Round "8"]
[White "Vesper2018"]
[Black "Roedor"]
[Result "0-1"]
[WhiteElo "2585"]
[BlackElo "2433"]
[TimeControl "180+1"]
[EndTime "9:30:13 PDT"]
[Termination "Roedor won on time"]

1. e4 e5 2. Nf3 Nc6 3. Bb5 Nf6 4. d3 Bc5 5. c3 O-O 6. O-O d5 7. Bxc6 bxc6 8. Nxe5 dxe4 9. d4 Bd6 10. f4 exf3 11.
Qxf3 Bxe5 12. dxe5 Nd5 13. Nd2 Ba6 14. Re1 Qh4 15.
g3 Qh3 16. Ne4 h6 17. b3 Rae8 18. c4 Ne7 19. Bb2 Ng6 20. Nc5 Bc8 21. Qxc6 Bg4 22.
Re3 Nf4 23. Rae1 Ne6 24. Ne4 Qh5 25. h4 Bf5 26. Nf2 Rd8 27. Bc3 Nd4 28. Bxd4 Rxd4 29. Qf3 Qg6 30. Rd1 Rxh4 31. Re2 Rg4 32. Kg2 Re8 33.
Red2 Kh7 34. Re1 Rg5 35. Rd5 Bc8 36. Rd4 c5 37. Rd5 Bb7 38. Qf4 Re6 39. Kh2 Ra6 40. a4 Rb6 41. Rd3 Rh5+ 42. Nh3 Qxd3 0-1

[Event "Early-Titled-Tuesday-Blitz-June-18-2024"]
[Site "Chess.com"]
[Date "2024.06.18"]
[Round "8"]
[White "Prizant_academy"]
[Black "Mikasinski"]
[Result "1-0"]
[WhiteElo "2967"]
[BlackElo "2714"]
[TimeControl "180+1"]
[EndTime "9:30:15 PDT"]
[Termination "Prizant_academy won on time"]

1. d4 Nf6 2. c4 e6 3. Bf4 d5 4. cxd5 Nxd5 5. Bg3 c5 6. e4 Qa5+ 7. Nd2 Nf6 8. Bd3 Nc6 9. Nf3 c4 10. Bc2 c3 11. Nb3 Qb4 12. a3 Qc4 13. Bd3 Qa4 14.
bxc3 Be7 15. O-O O-O 16. c4 Rd8 17. d5 exd5 18. cxd5 Nb8 19. d6 Bf8 20. e5 Nh5 21.
Ng5 g6 22. Rc1 Bg4 23. Qc2 Bh6 24. Qc4 Qxc4 25. Rxc4 Bd7 26. Ne4 Be6 27. Rc3 b6 28. Nd4 Bd5 29. f4 Nd7 30. Nc6 Bxc6 31. Rxc6 Kh8 32.
Rc7 Bg7 33. Bb5 1-0

[Event "Early-Titled-Tuesday-Blitz-June-18-2024"]
[Site "Chess.com"]
[Date "2024.06.18"]
[Round "8"]
[White "dosto07"]
[Black "Supelyel"]
[Result "1-0"]
[WhiteElo "2614"]
[BlackElo "2431"]
[TimeControl "180+1"]
[EndTime "9:30:15 PDT"]
[Termination "dosto07 won on time"]

1. e4 d6 2. d4 Nf6 3. Nc3 e5 4. Nf3 Nbd7 5. Bc4 Be7 6. O-O O-O 7. Re1 c6 8. a4 h6 9. b3 Re8 10. Bb2 Qc7 11. Bd3 a5 12. Ne2 Bf8 13. Ng3 g6 14. Qd2 Bg7 15. Rad1 b6 16. c4 Bb7 17. Bb1 Rad8 18. h4 h5 19. d5 Nc5 20. Bc2 cxd5 21.
cxd5 Bc8 22. Ng5 Bg4 23. f3 Bd7 24. Rc1 Rc8 25. Qe3 Bh6 26. Bd3 Nh7 27. f4 exf4 28. Qd4 Re5 29. Nxh7 Kxh7 30. Ne2 Qd8 31. Rxc5 bxc5 32.
Qf2 Re8 33. Nxf4 Qe7 34. e5 dxe5 35. Nxh5 f5 36. Rxe5 Qf7 37. Rxe8 gxh5 38. Rxc8 Bxc8 39. Qxc5 Bd7 40. Qd4 Qe8 41. Kf1 1-0

[Event "Early-Titled-Tuesday-Blitz-June-18-2024"]
[Site "Chess.com"]
[Date "2024.06.18"]
[Round "8"]
[White "unbreakablepawn35"]
[Black "Orest_Vovk"]
[Result "0-1"]
[WhiteElo "2395"]
[BlackElo "2555"]
[TimeControl "180+1"]
[EndTime "9:30:15 PDT"]
[Termination "Orest_Vovk won by resignation"]

1. c4 g5 2. d4 h6 3. e4 Bg7 4. Nc3 c5 5. d5 Bxc3+ 6. bxc3 d6 7. h4 Qa5 8. hxg5 hxg5 9. Rxh8 Qxc3+ 10. Qd2 Qxh8 11.
Bb2 Qh4 12. Bd3 g4 13. O-O-O Nd7 14. g3 Qh2 15. Qf4 Qh6 16. Qxh6 Nxh6 17. Ne2 Ne5 18.
Bxe5 dxe5 19. Rh1 Ng8 20. Nc3 Bd7 21. Nd1 Kf8 22. Ne3 Kg7 23. Rh5 f6 24. Rh4 Nh6 25. Be2 a6 26. Nxg4 Bxg4 27. Bxg4 b5 28. Be2 Rb8 29.
Kc2 b4 30. Kd3 a5 31. Bd1 Nf7 32. f4 exf4 33. gxf4 Rh8 34. Rxh8 Kxh8 35. Bh5 Kg7 36. Bd1 Kh6 37. Bg4 a4 38. Bd7 a3 39. Ba4 Kh5 40. Be8 b3 41. Bxf7+ Kh6 42. d6 exd6 43. e5 fxe5 44. fxe5 dxe5 45. axb3 a2 46. Ke4 a1=Q 47. Bd5 0-1

[Event "Early-Titled-Tuesday-Blitz-June-18-2024"]
[Site "Chess.com"]
[Date "2024.06.18"]
[Round "8"]
[White "Manukyan_Artak"]
[Black "only_strong_moves"]
[Result "1-0"]
[WhiteElo "2510"]
[BlackElo "2640"]
[TimeControl "180+1"]
[EndTime "9:30:16 PDT"]
[Termination "Manukyan_Artak won by checkmate"]

1. e4 e5 2. Nf3 Nc6 3. d4 exd4 4. Nxd4 Nf6 5. Nxc6 bxc6 6. e5 Qe7 7. Qe2 Nd5 8. c4 Ba6 9. b3 f6 10. exf6 Nxf6 11.
Bb2 O-O-O 12. Qxe7 Bxe7 13. Nc3 Rde8 14. O-O-O Ng4 15.
Ne4 Bh4 16. f3 Ne3 17. Rd2 d5 18. Nc5 Bb7 19. g3 Be7 20. Bh3+ Kb8 21. Nxb7 Kxb7 22. cxd5 cxd5 23. Bxg7 Rhg8 24. Bd4 Ba3+ 25. Kb1 c5 26. Bxe3 Rxe3 27. Rxd5 Rge8 28. Kc2 Rxf3 29. Bg2 Re2+ 30. Rd2 Rxg2 31. Rxg2 Bb4 32. Rd1 Rc3+ 33. Kb2 Rf3 34. a3 Bc3+ 35. Ka2 Bd4 36. Rc2 a5 37. b4 axb4 38. axb4 Kb6 39. bxc5+ Bxc5 40. Rb1+ Kc6 41. Rbc1 Ra3+ 42. Kb2 Ra5 43. g4 Rb5+ 44. Ka2 Ra5+ 45. Kb3 Rb5+ 46. Ka4 Kb6 47. h4 Rb4+ 48. Ka3 Rc4+ 49.
Kb3 Rb4+ 50. Ka2 Ra4+ 51. Kb1 Bd4 52. Rc4 Ra1+ 53. Kc2 Ra2+ 54. Kd3 Bf2 55. Rb1+ Ka5 56. Rc2 Ra3+ 57. Ke4 Bxh4 58. Rc8 Ra4+ 59. Kd5 Rb4 60. Ra8+ Kb5 61. Rb8+ Ka6 62. R8xb4 Be1 63. Ra4+ Ba5 64.
g5 h5 65. g6 h4 66. g7 h3 67.
g8=Q h2 68. Qa8# 1-0

[Event "Early-Titled-Tuesday-Blitz-June-18-2024"]
[Site "Chess.com"]
[Date "2024.06.18"]
[Round "8"]
[White "Defenstrator"]
[Black "annazero"]
[Result "1-0"]
[WhiteElo "2396"]
[BlackElo "2518"]
[TimeControl "180+1"]
[EndTime "9:30:16 PDT"]
[Termination "Defenstrator won by checkmate"]

1. e4 g6 2. d4 Bg7 3. Nf3 d6 4. Bc4 Nf6 5. Qe2 O-O 6. e5 dxe5 7. dxe5 Nd5 8. O-O c6 9. Rd1 Bg4 10. Bg5 Bxf3 11. Qxf3 Bxe5 12. Nc3 Qc7 13. Bxd5 cxd5 14. Nxd5 Qc4 15. Bxe7 Nc6 16. Bxf8 Rxf8 17. c3 Qc5 18. b4 Qc4 19. a4 a6 20. Rac1 Qh4 21. g3 Qh3 22. b5 axb5 23. axb5 Nd8 24. Re1 Bg7 25.
Rcd1 Ne6 26. Nf4 Qf5 27. Rd5 Qf6 28. Qe3 Ng5 29. h4 Ne6 30. Nxe6 fxe6 31. Qxe6+ Qxe6 32.
Rxe6 Bxc3 33. Rd7 b6 34. Kg2 Bb4 35. f4 Ra8 36. Rxb6 Ra2+ 37. Kf3 Ra3+ 38. Ke4 Ra4 39.
Rb8+ Bf8+ 40. Kd5 Ra1 41. Rdd8 Rd1+ 42. Kc6 Rc1+ 43. Kb7 Kf7 44. Rxf8+ Ke6 45. Rh8 h5 46. Rbc8 Rb1 47. b6 Kf5 48. Rc5+ Kg4 49. Rg5+ Kf3 50. Rxg6 Ke4 51. Rxh5 Kf3 52. Rc5 Ke4 53. Kc7 Kf3 54. b7 Ke4 55. b8=Q Rxb8 56. Kxb8 Kd4 57. Rc7 Kd5 58. h5 Ke4 59. h6 Kf3 60. h7 Kg2 61. h8=Q Kf3 62. f5 Kg2 63. f6 Kf3 64. f7 Kg2 65.
f8=Q Kg1 66. Ra6 Kg2 67. g4 Kg1 68. g5 Kg2 69. g6 Kg1 70. g7 Kg2 71. g8=Q# 1-0

[Event "Early-Titled-Tuesday-Blitz-June-18-2024"]
[Site "Chess.com"]
[Date "2024.06.18"]
[Round "8"]
[White "ThetNaung291"]
[Black "Ati1517"]
[Result "1-0"]
[WhiteElo "2449"]
[BlackElo "2042"]
[TimeControl "180+1"]
[EndTime "9:30:16 PDT"]
[Termination "ThetNaung291 won on time"]

1. d4 Nf6 2. Nf3 g6 3. c4 Bg7 4.
Nc3 O-O 5. Bf4 d6 6. e3 Nbd7 7. Be2 Re8 8. O-O b6 9. h3 Bb7 10. Qc2 h6 11. Rfd1 Qc8 12. Rac1 e5 13. Bg3 exd4 14.
Nxd4 Ne5 15. Bf1 Rb8 16. b3 Nh5 17. Bh2 f5 18. Nde2 g5 19. Nd5 c6 20. Ndc3 c5 21. Nd5 g4 22. h4 Bxd5 23. Rxd5 Qe6 24. Nf4 Nxf4 25. Bxf4 Ng6 26. Bg3 Be5 27. h5 Bxg3 28. hxg6 Bh4 29. Qxf5 Qxf5 30. Rxf5 Kg7 31. Rd1 Rbd8 32.
Bd3 g3 33. Rf7+ Kg8 34. f4 Rxe3 35. f5 Rde8 36. Kf1 Bg5 37. f6 Bf4 38. Rg7+ Kh8 39. Rd7 Be5 40. g7+ Kg8 41. f7+ 1-0

[Event "Early-Titled-Tuesday-Blitz-June-18-2024"]
[Site "Chess.com"]
[Date "2024.06.18"]
[Round "8"]
[White "TheAlienParty"]
[Black "Sofia_Blokhin"]
[Result "1-0"]
[WhiteElo "2336"]
[BlackElo "2299"]
[TimeControl "180+1"]
[EndTime "9:30:16 PDT"]
[Termination "TheAlienParty won on time"]

1. c4 c5 2. Nf3 Nc6 3. d4 cxd4 4. Nxd4 e5 5. Nb5 d6 6. N5c3 Nf6 7. g3 Be7 8. Bg2 O-O 9. O-O Be6 10. Nd5 Bxd5 11. cxd5 Nb8 12. Nc3 Nbd7 13. h3 a6 14. Be3 b5 15.
Rc1 Rc8 16. Qb3 Ne8 17. Qa3 Nc7 18. f4 exf4 19. Bxf4 Nc5 20. Kh2 g5 21. Be3 f5 22.
Bd4 Qe8 23. Rcd1 Qg6 24. Rfe1 f4 25. g4 h5 26. Bf3 hxg4 27. Bxg4 Rb8 28. Qa5 Bd8 29.
b4 Nxd5 30. Nxd5 Qe4 31. Qxd8 Rbxd8 32. bxc5 Qxd5 33. cxd6 Rxd6 34. Bf3 Qe6 35. Bc5 Rxd1 36. Rxd1 Rc8 37. Rd6 Qe5 38. Bd5+ Kh7 39. Rd7+ Kg6 40. Bf7+ Kh6 41. Rd6+ Kg7 42. Bd4 Kxf7 43. Bxe5 Re8 44. Rf6+ Kg7 45. Re6+ Kf7 46. Rxe8 Kxe8 47. Kg2 Kd7 48.
Kf3 Ke6 49. Ke4 Ke7 50. Kf5 a5 51. Kxg5 b4 52. Kxf4 1-0

[Event "Early-Titled-Tuesday-Blitz-June-18-2024"]
[Site "Chess.com"]
[Date "2024.06.18"]
[Round "8"]
[White "Roland_Garros_2024"]
[Black "pfalcon1949"]
[Result "1-0"]
[WhiteElo "2200"]
[BlackElo "1788"]
[TimeControl "180+1"]
[EndTime "9:30:16 PDT"]
[Termination "Roland_Garros_2024 won on time"]

1. e4 e6 2. d4 d5 3. Nc3 Bb4 4. e5 Ne7 5. a3 Bxc3+ 6. bxc3 c5 7. Qg4 Kf8 8. Bd3 Qa5 9. Bd2 Qa4 10. Ra2 Nbc6 11.
Nf3 b6 12. O-O Ba6 13. Bxa6 Qxa6 14. a4 Rc8 15. Qf4 Qc4 16. Raa1 h6 17. h4 Kg8 18.
h5 cxd4 19. cxd4 Nf5 20. c3 Qd3 21. g4 Nfe7 22. Kg2 g5 23. Qf6 Qe4 24. Rfe1 Qxg4+ 25. Kf1 Qxh5 26. Ke2 g4 27. Rg1 Kh7 28. Nh2 g3+ 29. Nf3 Ng8 30. Qf4 1-0

[Event "Early-Titled-Tuesday-Blitz-June-18-2024"]
[Site "Chess.com"]
[Date "2024.06.18"]
[Round "8"]
[White "NovoselovRoman"]
[Black "bubeliang"]
[Result "1-0"]
[WhiteElo "2564"]
[BlackElo "2774"]
[TimeControl "180+1"]
[EndTime "9:30:17 PDT"]
[Termination "NovoselovRoman won by checkmate"]

1. d4 d5 2. Nf3 Nf6 3. Bf4 c5 4. c3 Nc6 5. e3 cxd4 6. exd4 g6 7. Nbd2 Bg7 8. Be2 O-O 9. O-O Bf5 10. Ne5 Rc8 11.
Qb3 Na5 12. Qa3 a6 13. Nb3 Nc4 14. Nxc4 dxc4 15. Na5 b5 16. Nb7 Qd5 17. Nc5 Bg4 18. Rfe1 Qf5 19. Bg3 Bxe2 20. Rxe2 Nd5 21. Qxa6 b4 22.
Qxc4 bxc3 23. bxc3 Nxc3 24. Qxc3 Rxc5 25. Qxc5 Qxc5 26.
dxc5 Bxa1 27. Rxe7 Ra8 28. c6 Kg7 29. c7 Bf6 30. Re2 Kf8 31. Bd6+ Kg7 32. g3 Rc8 33. Re3 Bd4 34. Rb3 Ba7 35. Rb8 Bxb8 36. cxb8=Q Rc1+ 37. Kg2 Rc2 38. Qd8 f6 39. Qf8# 1-0

[Event "Early-Titled-Tuesday-Blitz-June-18-2024"]
[Site "Chess.com"]
[Date "2024.06.18"]
[Round "8"]
[White "sirinbaba33"]
[Black "banjadvorovi"]
[Result "1-0"]
[WhiteElo "2341"]
[BlackElo "2411"]
[TimeControl "180+1"]
[EndTime "9:30:17 PDT"]
[Termination "sirinbaba33 won by resignation"]

1. e4 c5 2. Nf3 Nc6 3. Bb5 g6 4.
O-O Bg7 5. d3 Nd4 6. Nxd4 cxd4 7. f4 a6 8. Bc4 d6 9. f5 Nf6 10.
Bg5 O-O 11. Nd2 Qa5 12. a3 e6 13. Qe1 h6 14. Bxf6 Bxf6 15. b4 Qd8 16. Qg3 Kg7 17.
fxg6 fxg6 18. Nf3 e5 19. c3 dxc3 20. Qe1 Qe7 21. Qxc3 Bg4 22. Bd5 Rac8 23. Qd2 b5 24. Kh1 Bxf3 25. Rxf3 Bg5 26. Qe2 Rxf3 27. Qxf3 Rf8 28.
Qe2 Qf6 29. Kg1 Qd8 30. g3 Qb6+ 31. Kg2 Qd4 32. Ra2 Be3 33. Qd1 Bg1 34. Qxg1 Qxd3 35. Rf2 Rd8 36. Rf7+ Kh8 37. Qf2 1-0

[Event "Early-Titled-Tuesday-Blitz-June-18-2024"]
[Site "Chess.com"]
[Date "2024.06.18"]
[Round "8"]
[White "Adrian-thorsen"]
[Black "Qvalda"]
[Result "0-1"]
[WhiteElo "2321"]
[BlackElo "2446"]
[TimeControl "180+1"]
[EndTime "9:30:18 PDT"]
[Termination "Qvalda won by resignation"]

1. e4 e6 2. b3 d5 3. Bb2 Nc6 4. Bb5 d4 5. Nf3 Bc5 6. a3 a6 7. Bxc6+ bxc6 8. b4 Bb6 9. d3 Ne7 10. Nbd2 Ng6 11. Nc4 Ba7 12. h4 h5 13. g3 Qf6 14.
e5 Qf5 15. Bxd4 c5 16. Bxc5 Bxc5 17. bxc5 Qg4 18. Ne3 Qa4 19. c3 Qc6 20. Ke2 Bb7 21. Nd4 Qxh1 22. Qxh1 Bxh1 23. Rxh1 Nxe5 24. f4 Nd7 25. c6 Nf6 26. Nc4 Ke7 27. Ne5 Rab8 28. Ke3 Rb2 29. c4 Rd8 30. Ndf3 Rb3 31. Nd4 Rxa3 32.
Ne2 Ng4+ 33. Kf3 Nxe5+ 34. fxe5 Rdxd3+ 35. Kf2 Rd2 36. Rb1 Raa2 37. Ke3 Rxe2+ 38. Kd4 Reb2 39. Kc5 Rxb1 0-1

[Event "Early-Titled-Tuesday-Blitz-June-18-2024"]
[Site "Chess.com"]
[Date "2024.06.18"]
[Round "8"]
[White "Gnechko_Ruslan"]
[Black "KnightDuta"]
[Result "1-0"]
[WhiteElo "2571"]
[BlackElo "2730"]
[TimeControl "180+1"]
[EndTime "9:30:20 PDT"]
[Termination "Gnechko_Ruslan won on time"]

1. Nf3 d5 2. c4 d4 3. g3 Nc6 4. Bg2 e5 5. O-O a5 6. d3 Nf6 7.
e3 Be7 8. exd4 exd4 9. Bg5 O-O 10. Bxf6 Bxf6 11. Nbd2 Bf5 12. Ne1 Qd7 13. a3 Bg4 14.
Nef3 Be7 15. Qc2 Qf5 16. Rae1 Rfe8 17. Re4 Bf6 18. Rfe1 Rxe4 19. Rxe4 Qg6 20. Qb3 b6 21. Nh4 Bxh4 22. Rxg4 Qxg4 23. Bxc6 Rd8 24. f3 Qe6 25. Be4 Be7 26. f4 Kh8 27. f5 Qh6 28. Nf3 Qc1+ 29.
Kg2 Bg5 30. h4 Be3 31. Qb5 Qc2+ 32. Kh3 Qd1 33. Kg4 Bc1 34. Qe5 Bxb2 35. f6 1-0

[Event "Early-Titled-Tuesday-Blitz-June-18-2024"]
[Site "Chess.com"]
[Date "2024.06.18"]
[Round "8"]
[White "Sic_Transit_GM"]
[Black "rionelG"]
[Result "1-0"]
[WhiteElo "2575"]
[BlackElo "2351"]
[TimeControl "180+1"]
[EndTime "9:30:20 PDT"]
[Termination "Sic_Transit_GM won by checkmate"]

1. Nf3 Nf6 2. c4 g6 3. b4 Bg7 4. Bb2 O-O 5. g3 d6 6. Bg2 e5 7. d3 Nc6 8. b5 Ne7 9. O-O h6 10.
Nbd2 Be6 11. Qc2 c6 12. a4 Nd7 13. Rfe1 d5 14. e3 Re8 15. a5 a6 16. bxc6 bxc6 17.
Rab1 Qxa5 18. Bc3 Qc7 19. Qb2 Reb8 20. Qa1 Rxb1 21. Rxb1 Rb8 22. Qxa6 Rxb1+ 23. Nxb1 dxc4 24. dxc4 Qb6 25. Qxb6 Nxb6 26. Nxe5 Nxc4 27. Nxc4 Bxc4 28. Bxg7 Kxg7 29. Nc3 Kf6 30. f4 Ke6 31. Kf2 Nd5 32.
Bxd5+ Bxd5 33. e4 Bc4 34. Ke3 c5 35. g4 Kd6 36. h4 Bf1 37. e5+ Kc6 38. f5 Bh3 39. e6 Kd6 40. exf7 Ke7 41. fxg6 Bxg4 42. Nd5+ Kf8 43. Kf4 Be6 44. Nf6 Kg7 45. Ke5 Bxf7 46. gxf7 Kxf7 47. Kf5 c4 48. Ne4 Kg7 49. h5 Kh7 50.
Kf6 Kg8 51. Kg6 Kh8 52. Kxh6 Kg8 53. Kg6 Kh8 54. h6 Kg8 55. h7+ Kh8 56. Ng5 c3 57. Nf7# 1-0

[Event "Early-Titled-Tuesday-Blitz-June-18-2024"]
[Site "Chess.com"]
[Date "2024.06.18"]
[Round "8"]
[White "rockstar0902"]
[Black "SargissyanSargis"]
[Result "1-0"]
[WhiteElo "2607"]
[BlackElo "2430"]
[TimeControl "180+1"]
[EndTime "9:30:21 PDT"]
[Termination "rockstar0902 won on time"]

1. c4 e5 2. Nc3 Nf6 3. g3 d5 4. cxd5 Nxd5 5. Bg2 Nb6 6. e3 Nc6 7. Nge2 Bd6 8. O-O O-O 9. f4 Bg4 10. h3 Bxe2 11. Qxe2 exf4 12. gxf4 Re8 13. Qg4 Bf8 14. b3 Qd3 15. Rf2 f5 16. Qg3 g6 17. Bb2 Bg7 18. Rc1 Rad8 19. h4 Nb4 20. h5 Re6 21. a3 N4d5 22.
Bf1 Bxc3 23. Bxd3 Bxb2 24. Rb1 Bg7 25. h6 Bxh6 26. Bxf5 Rf6 27. Be4 Re8 28. Bxd5+ Nxd5 29. Kg2 c6 30. Rh1 Bf8 31. f5 Bd6 32. Qh4 Re7 33.
Kf1 Ref7 34. Ke2 Ne7 35. e4 Be5 36. Rg2 Kf8 37. Qh6+ Ke8 38. Qe3 gxf5 39. Qxa7 fxe4 40. Rg8+ Kd7 41. Qxb7+ Ke6 42. Rd8 Rf2+ 43. Kd1 1-0